HSSL
DUBLIN JEROME HS CELTICS @ TEMISKAMING DISTRICT SECONDARY SCHOOL SAINTS
05/04/2025
 
TOP OF THE 1ST
Dublin Jerome HS Celtics batting - Pitching for Temiskaming District Secondary School Saints : RHP Norberto Pérez
Pitching: RHP Norberto Pérez
Batting: LHB Ángel Santos 0-0: Called Strike
0-1: Called Strike
0-2: Strikes out swinging
Batting: LHB Patrick Ferguson 0-0: Ball
1-0: Ground out 6-3 (Groundball, 6)
Batting: SHB Ricky Edwards 0-0: Ball
1-0: Foul Ball, location: 2F
1-1: Foul Ball, location: 2F
1-2: Ball
2-2: Strikes out swinging
Top of the 1st over - 0 run(s), 0 hit(s), 0 error(s), 0 left on base; Dublin Jerome HS 0 - Temiskaming District Secondary School 0
BOTTOM OF THE 1ST
Temiskaming District Secondary School Saints batting - Pitching for Dublin Jerome HS Celtics : LHP Pablo Ortíz
Pitching: LHP Pablo Ortíz
Batting: RHB George Gardner 0-0: Foul Ball, location: 2F
0-1: Foul Ball, location: 2F
0-2: Foul Ball, location: 2F
0-2: Ground out 4-3 (Groundball, 4)
Batting: RHB Beau McNeill 0-0: Called Strike
0-1: Foul Ball, location: 2F
0-2: Strikes out swinging
Batting: RHB Fred Moulds 0-0: Ground out 3-1 (Groundball, 34)
Bottom of the 1st over - 0 run(s), 0 hit(s), 0 error(s), 0 left on base; Dublin Jerome HS 0 - Temiskaming District Secondary School 0
TOP OF THE 2ND
Dublin Jerome HS Celtics batting - Pitching for Temiskaming District Secondary School Saints : RHP Norberto Pérez
Batting: LHB Paul Holcomb 0-0: Ball
1-0: Called Strike
1-1: Foul Ball, location: 2F
1-2: Ground out 4-3 (Groundball, 34)
Batting: SHB Pete Jones 0-0: Ball
1-0: Ball
2-0: Ball
3-0: Called Strike
3-1: Foul Ball, location: 2F
3-2: Base on Balls
Batting: RHB Deron McClendon 0-0: Ball
1-0: Hit by Pitch
Pete Jones to second
Batting: RHB Luis Árias 0-0: Ball
1-0: Ball
2-0: Ball
3-0: Base on Balls
Pete Jones to third
Deron McClendon to second
Batting: RHB David Silva 0-0: Called Strike
0-1: Swinging Strike
0-2: Ball
1-2: Strikes out swinging
Batting: RHB Norm Gunn 0-0: Ground out 5-3 (Groundball, 5)
Top of the 2nd over - 0 run(s), 0 hit(s), 0 error(s), 3 left on base; Dublin Jerome HS 0 - Temiskaming District Secondary School 0
BOTTOM OF THE 2ND
Temiskaming District Secondary School Saints batting - Pitching for Dublin Jerome HS Celtics : LHP Pablo Ortíz
Batting: RHB Orlando González 0-0: Swinging Strike
0-1: Swinging Strike
0-2: Strikes out looking
Batting: LHB Ken Sosa 0-0: SOLO HOME RUN (Flyball, 9D), Distance : 398 ft
Batting: LHB Carlos Músquez 0-0: Called Strike
0-1: Ball
1-1: Called Strike
1-2: Foul Ball, location: 2F
1-2: Fly out, F8 (Flyball, 8LM)
Batting: RHB Juan Encarnación 0-0: Fly out, F8 (Flyball, 78S)
Bottom of the 2nd over - 1 run(s), 1 hit(s), 0 error(s), 0 left on base; Dublin Jerome HS 0 - Temiskaming District Secondary School 1
TOP OF THE 3RD
Dublin Jerome HS Celtics batting - Pitching for Temiskaming District Secondary School Saints : RHP Norberto Pérez
Batting: LHB Ángel Santos 0-0: Swinging Strike
0-1: SINGLE (Line Drive, 6MD)
Batting: LHB Patrick Ferguson 0-0: Called Strike
0-1: Ball
1-1: Ball
2-1: Grounds into double play, 3-6-3 (Groundball, 3)
Batting: SHB Ricky Edwards 0-0: Ball
1-0: Swinging Strike
1-1: Ball
2-1: Ball
3-1: Base on Balls
Batting: LHB Paul Holcomb 0-0: Called Strike
0-1: Ball
1-1: Ball
2-1: Ball
3-1: Foul Ball, location: 2F
3-2: Foul Ball, location: 2F
3-2: Foul Ball, location: 2F
3-2: Strikes out swinging
Top of the 3rd over - 0 run(s), 1 hit(s), 0 error(s), 1 left on base; Dublin Jerome HS 0 - Temiskaming District Secondary School 1
BOTTOM OF THE 3RD
Temiskaming District Secondary School Saints batting - Pitching for Dublin Jerome HS Celtics : LHP Pablo Ortíz
Batting: RHB John Weber 0-0: Ball
1-0: Called Strike
1-1: Swinging Strike
1-2: Ball
2-2: Strikes out swinging
Batting: SHB Stanley Ryan 0-0: Foul Ball, location: 2F
0-1: Foul Ball, location: 2F
0-2: Strikes out swinging
Batting: RHB George Gardner 0-0: Ball
1-0: Foul Ball, location: 2F
1-1: Ball
2-1: Fly out, F6 (Popup, 78S)
Bottom of the 3rd over - 0 run(s), 0 hit(s), 0 error(s), 0 left on base; Dublin Jerome HS 0 - Temiskaming District Secondary School 1
TOP OF THE 4TH
Dublin Jerome HS Celtics batting - Pitching for Temiskaming District Secondary School Saints : RHP Norberto Pérez
Batting: SHB Pete Jones 0-0: Swinging Strike
0-1: Ball
1-1: Ground out 4-3 (Groundball, 4)
Batting: RHB Deron McClendon 0-0: Foul Ball, location: 2F
0-1: Ball
1-1: Foul Ball, location: 2F
1-2: Strikes out looking
Batting: RHB Luis Árias 0-0: Ball
1-0: Called Strike
1-1: Ball
2-1: Ground out 6-3 (Groundball, 6)
Top of the 4th over - 0 run(s), 0 hit(s), 0 error(s), 0 left on base; Dublin Jerome HS 0 - Temiskaming District Secondary School 1
BOTTOM OF THE 4TH
Temiskaming District Secondary School Saints batting - Pitching for Dublin Jerome HS Celtics : LHP Pablo Ortíz
Batting: RHB Beau McNeill 0-0: Called Strike
0-1: Ground out 5-3 (Groundball, 5S)
Batting: RHB Fred Moulds 0-0: Called Strike
0-1: Fly out, F8 (Flyball, 89M)
Batting: RHB Orlando González 0-0: Ground out 6-3 (Groundball, 6M)
Bottom of the 4th over - 0 run(s), 0 hit(s), 0 error(s), 0 left on base; Dublin Jerome HS 0 - Temiskaming District Secondary School 1
TOP OF THE 5TH
Dublin Jerome HS Celtics batting - Pitching for Temiskaming District Secondary School Saints : RHP Norberto Pérez
Batting: RHB David Silva 0-0: Ball
1-0: Called Strike
1-1: SINGLE (Line Drive, 4MD)
Batting: RHB Norm Gunn 0-0: Fielders Choice at 2nd, 1-4 (Groundball, 13S)
Batting: LHB Ángel Santos 0-0: Ball
1-0: Called Strike
1-1: Foul Ball, location: 2F
1-2: Strikes out looking
Batting: LHB Patrick Ferguson 0-0: Ball
1-0: Ball
2-0: Ball
3-0: Base on Balls
Norm Gunn to second
Batting: SHB Ricky Edwards 0-0: Ball
1-0: Ball
2-0: Called Strike
2-1: Foul Ball, location: 2F
2-2: SINGLE (Line Drive, 9S)
Norm Gunn to third
Patrick Ferguson to second
Runner from 3rd tries for Home, SAFE, throw made at trailing runner, SAFE at third!
Batting: LHB Paul Holcomb 0-0: Ground out 4-3 (Groundball, 34)
Top of the 5th over - 1 run(s), 2 hit(s), 0 error(s), 2 left on base; Dublin Jerome HS 1 - Temiskaming District Secondary School 1
BOTTOM OF THE 5TH
Temiskaming District Secondary School Saints batting - Pitching for Dublin Jerome HS Celtics : LHP Pablo Ortíz
Batting: LHB Ken Sosa 0-0: Called Strike
0-1: Foul Ball, location: 2F
0-2: Foul Ball, location: 2F
0-2: Ball
1-2: DOUBLE (Flyball, 7LM)
Batting: LHB Carlos Músquez 0-0: SINGLE (Groundball, 4M)
Ken Sosa to third
Batting: RHB Juan Encarnación 0-0: Ball
1-0: Ball
2-0: Called Strike
2-1: Swinging Strike
Reached via error on a dropped throw, E4
Ken Sosa scores
Carlos Músquez to second
Batting: RHB John Weber 0-0: Called Strike
0-1: Called Strike
0-2: Ball
1-2: Foul Ball, location: 2F
1-2: Ball
2-2: Strikes out swinging
Batting: SHB Stanley Ryan 0-0: Called Strike
0-1: Swinging Strike
0-2: Strikes out looking
Batting: RHB George Gardner 0-0: Called Strike
0-1: Fly out, F9 (Flyball, 9D)
Bottom of the 5th over - 1 run(s), 2 hit(s), 1 error(s), 2 left on base; Dublin Jerome HS 1 - Temiskaming District Secondary School 2
TOP OF THE 6TH
Dublin Jerome HS Celtics batting - Pitching for Temiskaming District Secondary School Saints : RHP Norberto Pérez
Batting: SHB Pete Jones 0-0: Foul Ball, location: 2F
0-1: Foul Ball, location: 2F
0-2: Ball
1-2: Foul Ball, location: 2F
1-2: Ball
2-2: Foul Ball, location: 2F
2-2: Ground out 1-3 (Groundball, 15)
Pitching: RHP Jeff Paul
Batting: RHB Deron McClendon 0-0: Foul Ball, location: 2F
0-1: Ball
1-1: Called Strike
1-2: Ball
2-2: Ground out 6-3 (Groundball, 6)
Batting: RHB Luis Árias 0-0: Ground out 5-3 (Groundball, 56)
Top of the 6th over - 0 run(s), 0 hit(s), 0 error(s), 0 left on base; Dublin Jerome HS 1 - Temiskaming District Secondary School 2
BOTTOM OF THE 6TH
Temiskaming District Secondary School Saints batting - Pitching for Dublin Jerome HS Celtics : LHP Pablo Ortíz
Batting: RHB Beau McNeill 0-0: Called Strike
0-1: SINGLE (Groundball, 34D) (infield hit)
Batting: RHB Fred Moulds 0-0: Ball
1-0: Ball
2-0: Foul Ball, location: 2F
2-1: Ball
Pickoff Throw by Catcher to First - Out!
3-1: Base on Balls
Batting: RHB Orlando González 0-0: Ball
1-0: Grounds into double play, 5-4-3 (Groundball, 5)
Bottom of the 6th over - 0 run(s), 1 hit(s), 0 error(s), 0 left on base; Dublin Jerome HS 1 - Temiskaming District Secondary School 2
TOP OF THE 7TH
Dublin Jerome HS Celtics batting - Pitching for Temiskaming District Secondary School Saints : RHP Jeff Paul
Batting: RHB David Silva 0-0: Ball
1-0: Ground out 4-3 (Groundball, 4)
Batting: RHB Norm Gunn 0-0: Called Strike
0-1: Ball
1-1: Swinging Strike
1-2: Strikes out swinging
Batting: LHB Ángel Santos 0-0: Ball
1-0: Called Strike
1-1: Ball
2-1: Called Strike
2-2: Ball
3-2: Ground out U3 (Groundball, 3S)
Top of the 7th over - 0 run(s), 0 hit(s), 0 error(s), 0 left on base; Dublin Jerome HS 1 - Temiskaming District Secondary School 2
BOTTOM OF THE 7TH
Temiskaming District Secondary School Saints batting - Pitching for Dublin Jerome HS Celtics : LHP Pablo Ortíz
Batting: LHB Ken Sosa 0-0: Ball
1-0: Ball
2-0: Ground out U3 (Groundball, 3L)
Batting: LHB Carlos Músquez 0-0: Fly out, F8 (Flyball, 8RD)
Batting: RHB Juan Encarnación 0-0: Swinging Strike
0-1: Ball
1-1: SINGLE (Flyball, 7LS)
Pinch Hitting: RHB Bob Ferguson 0-0: Ball
1-0: Ground out 6-3 (Groundball, 6)
Bottom of the 7th over - 0 run(s), 1 hit(s), 0 error(s), 1 left on base; Dublin Jerome HS 1 - Temiskaming District Secondary School 2
TOP OF THE 8TH
Dublin Jerome HS Celtics batting - Pitching for Temiskaming District Secondary School Saints : RHP Jeff Paul
Pitching: RHP Derrek Sánchez
Now in CF: Jason Wheeler
Batting: LHB Patrick Ferguson 0-0: Called Strike
0-1: Ball
1-1: Foul Ball, location: 2F
1-2: Ground out U3 (Groundball, 3S)
Batting: SHB Ricky Edwards 0-0: DOUBLE (Popup, 5D)
Pitching: LHP François Séguin
Batting: LHB Paul Holcomb 0-0: Ball
1-0: Called Strike
1-1: Ball
2-1: Ball
3-1: Called Strike
3-2: Strikes out looking
Pitching: RHP Thom Kennison
Batting: SHB Pete Jones 0-0: Swinging Strike
0-1: Ball
1-1: Called Strike
1-2: Strikes out swinging
Top of the 8th over - 0 run(s), 1 hit(s), 0 error(s), 1 left on base; Dublin Jerome HS 1 - Temiskaming District Secondary School 2
BOTTOM OF THE 8TH
Temiskaming District Secondary School Saints batting - Pitching for Dublin Jerome HS Celtics : LHP Pablo Ortíz
Batting: SHB Stanley Ryan 0-0: Foul Ball, location: 2F
0-1: Foul Ball, location: 2F
0-2: Strikes out swinging
Batting: RHB George Gardner 0-0: Called Strike
0-1: Foul Ball, location: 2F
0-2: Strikes out swinging
Batting: RHB Beau McNeill 0-0: Called Strike
0-1: Ball
1-1: Ground out 6-3 (Groundball, 6M)
Bottom of the 8th over - 0 run(s), 0 hit(s), 0 error(s), 0 left on base; Dublin Jerome HS 1 - Temiskaming District Secondary School 2
TOP OF THE 9TH
Dublin Jerome HS Celtics batting - Pitching for Temiskaming District Secondary School Saints : RHP Thom Kennison
Pitching: RHP Carlos Ortíz
Batting: RHB Deron McClendon 0-0: Called Strike
0-1: Foul Ball, location: 2F
0-2: Fly out, F3 (Popup, 34)
Batting: RHB Luis Árias 0-0: Called Strike
0-1: Ball
1-1: DOUBLE (Flyball, 8LXD) - OUT at third base trying to stretch hit.
Batting: RHB David Silva 0-0: Called Strike
0-1: Ball
1-1: Foul Ball, location: 2F
1-2: Ball
2-2: Ball
3-2: Strikes out swinging
Top of the 9th over - 0 run(s), 1 hit(s), 0 error(s), 0 left on base; Dublin Jerome HS 1 - Temiskaming District Secondary School 2
This league is powered by Out of the Park Baseball, the baseball management simulation game for PC, Mac and Linux
Tuesday, August 2nd, 2016 - OOTP Baseball 16.8 Build 38